TOP OF THE 1ST |
Gilbert Fire Fighters batting - Pitching for Plymouth Cocks : RHP Eric Ryan
|
Pitching: RHP Eric Ryan
|
|
Batting: RHB Carlos Canales
|
0-0: Ball 1-0: Foul Ball, location: 2F 1-1: SINGLE (Groundball, 56D)
|
Batting: LHB Kyle Robbins
|
0-0: Ball 1-0: Foul Ball, location: 2F 1-1: Ball 2-1: Fielders Choice at 2nd, 4-6 (Groundball, 4M)
|
Batting: LHB Bill Handy
|
0-0: Ball Kyle Robbins steals 2nd base 1-0: Called Strike Kyle Robbins steals 3rd base 1-1: Foul Ball, location: 2F 1-2: Ball 2-2: Strikes out swinging
|
Batting: RHB Raúl Ottoboni
|
0-0: SINGLE (Line Drive, 9LS) Kyle Robbins scores
|
Batting: RHB Bill Salinas
|
0-0: Ball 1-0: Called Strike 1-1: Ball 2-1: Foul Ball, location: 2F 2-2: Strikes out swinging
|
Top of the 1st over - 1 run, 2 hits, 0 errors, 1 left on base; Gilbert 1 - Plymouth 0 |
BOTTOM OF THE 1ST |
Plymouth Cocks batting - Pitching for Gilbert Fire Fighters : RHP Robbie Hopps
|
Pitching: RHP Robbie Hopps
|
|
Batting: RHB Bob Sánchez
|
0-0: Ball 1-0: Called Strike 1-1: Fly out, F3 (Line Drive, 34)
|
Batting: LHB Armando Vázquez
|
0-0: Ball 1-0: Swinging Strike 1-1: Ball 2-1: SINGLE (Line Drive, 6M)
|
Batting: RHB Francisco Gonzáles
|
0-0: Foul Ball, location: 2F 0-1: Ball 1-1: Ball 2-1: Fly out, F8 (Line Drive, 78M)
|
Batting: RHB Raúl Rivera
|
0-0: Called Strike 0-1: Ball Balk! Armando Vázquez to second 1-1: Ball 2-1: Fly out, F7 (Line Drive, 7D)
|
Bottom of the 1st over - 0 runs, 1 hit, 0 errors, 1 left on base; Gilbert 1 - Plymouth 0 |
TOP OF THE 2ND |
Gilbert Fire Fighters batting - Pitching for Plymouth Cocks : RHP Eric Ryan
|
Batting: RHB Travis Mchugh
|
0-0: Ball 1-0: Called Strike 1-1: Foul Ball, location: 2F 1-2: SINGLE (Line Drive, 89S)
|
Batting: RHB Pedro Vásquez
|
0-0: Fielders Choice at 2nd, 3-6 (Groundball, 3)
|
Batting: SHB Germán Roseima
|
0-0: Ball 1-0: SINGLE (Groundball, 34D) Pedro Vásquez to second Runner from 2nd tries for 3rd, SAFE, no throw
|
Batting: RHB Pedro Silva
|
0-0: Ball 1-0: Ball 2-0: Foul Ball, location: 2F 2-1: SINGLE (Groundball, 4S) (infield hit) Pedro Vásquez scores Germán Roseima to second
|
Batting: RHB Carlos Canales
|
0-0: Fly out, F9 (Flyball, 9S)
|
Batting: LHB Kyle Robbins
|
0-0: Ball 1-0: Ball 2-0: Ball 3-0: Base on Balls Germán Roseima to third Pedro Silva to second
|
Batting: LHB Bill Handy
|
0-0: Foul Ball, location: 2F 0-1: Ball 1-1: Fly out, F9 (Flyball, 9S)
|
Top of the 2nd over - 1 run, 3 hits, 0 errors, 3 left on base; Gilbert 2 - Plymouth 0 |
TOP OF THE 3RD |
Gilbert Fire Fighters batting - Pitching for Plymouth Cocks : RHP Eric Ryan
|
Batting: RHB Raúl Ottoboni
|
0-0: Ball 1-0: Ground out 4-3 (Groundball, 4)
|
Batting: RHB Bill Salinas
|
0-0: Ball 1-0: Called Strike 1-1: DOUBLE (Line Drive, 78XD)
|
Batting: RHB Travis Mchugh
|
0-0: Ball 1-0: TRIPLE (Flyball, 7D) Bill Salinas scores
|
Batting: RHB Pedro Vásquez
|
0-0: Ground out U3 (Groundball, 3)
|
Batting: SHB Germán Roseima
|
0-0: Hit by Pitch
|
Batting: RHB Pedro Silva
|
0-0: Called Strike 0-1: Foul Ball, location: 2F 0-2: Ball 1-2: Fly out, F8 (Flyball, 8RD)
|
Top of the 3rd over - 1 run, 2 hits, 0 errors, 2 left on base; Gilbert 3 - Plymouth 1 |
BOTTOM OF THE 3RD |
Plymouth Cocks batting - Pitching for Gilbert Fire Fighters : RHP Robbie Hopps
|
Batting: LHB Armando Vázquez
|
0-0: Ball 1-0: SINGLE (Line Drive, 89S)
|
Batting: RHB Francisco Gonzáles
|
0-0: Ball 1-0: Called Strike 1-1: Ball 2-1: Ball 3-1: Reached on error, E3 (Groundball, 3) Armando Vázquez to second
|
Batting: RHB Raúl Rivera
|
0-0: Ball 1-0: Foul Ball, location: 2F 1-1: Ball 2-1: 3-RUN HOME RUN (Flyball, 7D), Distance : 384 ft
|
Batting: RHB Edgardo Hernández
|
0-0: Ball 1-0: Ball 2-0: Reached on error, E5 (Groundball, 56)
|
Batting: SHB John Allen
|
0-0: Ground out 6-3 (Groundball, 6)
|
Batting: LHB William Morgan
|
0-0: Ball 1-0: 2-RUN HOME RUN (Flyball, 9LD), Distance : 357 ft
|
Batting: RHB Sidney Gilbert
|
0-0: Ball 1-0: SOLO HOME RUN (Flyball, 7D), Distance : 379 ft
|
Batting: RHB Jack Gillespie
|
0-0: Called Strike 0-1: Ball 1-1: Ball 2-1: Fly out, F9 (Flyball, 9LM)
|
Batting: RHB Bob Sánchez
|
0-0: Ball 1-0: Called Strike 1-1: Ground out 6-3 (Groundball, 6)
|
Bottom of the 3rd over - 6 runs, 4 hits, 2 errors, 0 left on base; Gilbert 3 - Plymouth 7 |
TOP OF THE 4TH |
Gilbert Fire Fighters batting - Pitching for Plymouth Cocks : RHP Eric Ryan
|
Batting: RHB Carlos Canales
|
0-0: Ball 1-0: Called Strike 1-1: Ball 2-1: SINGLE (Flyball, 89S)
|
Batting: LHB Kyle Robbins
|
0-0: SINGLE (Groundball, 6S) (infield hit) Carlos Canales to second
|
Batting: LHB Bill Handy
|
0-0: Foul Ball, location: 2F 0-1: Foul Ball, location: 2F 0-2: Foul Ball, location: 2F 0-2: Fly out, F8 (Flyball, 8RM)
|
Batting: RHB Raúl Ottoboni
|
0-0: SINGLE (Line Drive, 34D) Carlos Canales to third Kyle Robbins to second Runner from 3rd tries for Home, SAFE, no throw
|
Batting: RHB Bill Salinas
|
0-0: Ball Kyle Robbins steals 3rd base Raúl Ottoboni to second 1-0: Ground out 4-3 (Groundball, 4M) Kyle Robbins scores Raúl Ottoboni to third
|
Batting: RHB Travis Mchugh
|
0-0: SINGLE (Groundball, 56D) Raúl Ottoboni scores
|
Batting: RHB Pedro Vásquez
|
0-0: Called Strike 0-1: Ball 1-1: Ball 2-1: SINGLE (Line Drive, 6M) Travis Mchugh to second
|
Batting: SHB Germán Roseima
|
0-0: Ball 1-0: Foul Ball, location: 2F 1-1: Fly out, F9 (Flyball, 9)
|
Top of the 4th over - 3 runs, 5 hits, 0 errors, 2 left on base; Gilbert 6 - Plymouth 7 |
BOTTOM OF THE 4TH |
Plymouth Cocks batting - Pitching for Gilbert Fire Fighters : RHP Robbie Hopps
|
Batting: LHB Armando Vázquez
|
0-0: Ball 1-0: Ball 2-0: Ball 3-0: Called Strike 3-1: Called Strike 3-2: SOLO HOME RUN (Flyball, 89XD), Distance : 427 ft
|
Batting: RHB Francisco Gonzáles
|
0-0: Ball 1-0: Ball 2-0: SINGLE (Groundball, 34D)
|
Pitching: RHP Vincent Rangel
|
|
Batting: RHB Raúl Rivera
|
0-0: Foul Ball, location: 2F 0-1: SINGLE (Line Drive, 9S) Francisco Gonzáles to second Runner from 2nd tries for 3rd, SAFE, throw made to third
|
Batting: RHB Edgardo Hernández
|
0-0: Ball 1-0: Fly out, F7 (Flyball, 7D) Runner from 3rd tags up, OUT at HOME Raúl Rivera to second
|
Batting: SHB John Allen
|
0-0: Ball 1-0: Foul Ball, location: 2F 1-1: Ball 2-1: Swinging Strike 2-2: Strikes out looking
|
Bottom of the 4th over - 1 run, 3 hits, 0 errors, 1 left on base; Gilbert 6 - Plymouth 8 |
TOP OF THE 5TH |
Gilbert Fire Fighters batting - Pitching for Plymouth Cocks : RHP Eric Ryan
|
Batting: RHB Pedro Silva
|
0-0: Ball 1-0: Ground out 4-3 (Groundball, 4M)
|
Batting: RHB Carlos Canales
|
0-0: Swinging Strike 0-1: Ball 1-1: Swinging Strike 1-2: Fly out, F7 (Flyball, 7)
|
Batting: LHB Kyle Robbins
|
0-0: Ball 1-0: Called Strike 1-1: Swinging Strike 1-2: Ball 2-2: Ball 3-2: Foul Ball, location: 2F 3-2: Base on Balls
|
Batting: LHB Bill Handy
|
0-0: Ball Throwing error on steal attempt, E2 Kyle Robbins to third 1-0: Called Strike 1-1: Foul Ball, location: 2F 1-2: Fly out, F6 (Line Drive, 6)
|
Top of the 5th over - 0 runs, 0 hits, 1 error, 1 left on base; Gilbert 6 - Plymouth 8 |
BOTTOM OF THE 5TH |
Plymouth Cocks batting - Pitching for Gilbert Fire Fighters : RHP Vincent Rangel
|
Batting: LHB William Morgan
|
0-0: Ball 1-0: Ball 2-0: Fly out, F3 (Line Drive, 3L)
|
Batting: RHB Sidney Gilbert
|
0-0: Ball 1-0: Fly out, F6 (Line Drive, 6)
|
Batting: RHB Jack Gillespie
|
0-0: Foul Ball, location: 2F 0-1: Ball 1-1: Ball 2-1: Foul Ball, location: 2F 2-2: Strikes out looking
|
Bottom of the 5th over - 0 runs, 0 hits, 0 errors, 0 left on base; Gilbert 6 - Plymouth 8 |
TOP OF THE 6TH |
Gilbert Fire Fighters batting - Pitching for Plymouth Cocks : RHP Eric Ryan
|
Pitching: LHP Tom Dyal
|
|
Batting: RHB Raúl Ottoboni
|
0-0: Called Strike 0-1: Ball 1-1: TRIPLE (Flyball, 9D)
|
Batting: RHB Bill Salinas
|
0-0: Ball 1-0: Ball 2-0: Ball 3-0: Base on Balls
|
Batting: RHB Travis Mchugh
|
0-0: Called Strike 0-1: Ball 1-1: Ball 2-1: Ball 3-1: Fielders Choice at 2nd, 5-4 (Groundball, 56) Raúl Ottoboni scores
|
Batting: RHB Pedro Vásquez
|
0-0: Called Strike 0-1: Ball 1-1: Grounds into double play, 4-6-3 (Groundball, 4)
|
Top of the 6th over - 1 run, 1 hit, 0 errors, 0 left on base; Gilbert 7 - Plymouth 8 |
BOTTOM OF THE 6TH |
Plymouth Cocks batting - Pitching for Gilbert Fire Fighters : RHP Vincent Rangel
|
Batting: RHB Bob Sánchez
|
0-0: Ball 1-0: Foul Ball, location: 2F 1-1: Swinging Strike 1-2: Foul Ball, location: 2F 1-2: Ball 2-2: Ball 3-2: Strikes out swinging
|
Batting: LHB Armando Vázquez
|
0-0: Ball 1-0: SINGLE (Line Drive, 3D)
|
Batting: RHB Francisco Gonzáles
|
0-0: Ball 1-0: Ball 2-0: Foul Ball, location: 2F 2-1: Foul Ball, location: 2F 2-2: Strikes out swinging
|
Batting: RHB Raúl Rivera
|
0-0: Called Strike 0-1: Ball 1-1: Ball 2-1: DOUBLE (Flyball, 3D) Armando Vázquez to third
|
Batting: RHB Edgardo Hernández
|
0-0: Called Strike 0-1: Ball 1-1: Ball 2-1: Ball 3-1: Called Strike 3-2: Ground out 6-3 (Groundball, 6)
|
Bottom of the 6th over - 0 runs, 2 hits, 0 errors, 2 left on base; Gilbert 7 - Plymouth 8 |
TOP OF THE 7TH |
Gilbert Fire Fighters batting - Pitching for Plymouth Cocks : LHP Tom Dyal
|
Batting: SHB Germán Roseima
|
0-0: Called Strike 0-1: Called Strike 0-2: Foul Ball, location: 2F 0-2: Strikes out swinging
|
Batting: RHB Pedro Silva
|
0-0: Called Strike 0-1: Called Strike 0-2: Foul Ball, location: 2F 0-2: Ball 1-2: Strikes out looking
|
Batting: RHB Carlos Canales
|
0-0: Ball 1-0: Fly out, F4 (Popup, 13)
|
Top of the 7th over - 0 runs, 0 hits, 0 errors, 0 left on base; Gilbert 7 - Plymouth 8 |
BOTTOM OF THE 7TH |
Plymouth Cocks batting - Pitching for Gilbert Fire Fighters : RHP Vincent Rangel
|
Batting: SHB John Allen
|
0-0: SOLO HOME RUN (Flyball, 7LD), Distance : 343 ft
|
Batting: LHB William Morgan
|
0-0: Called Strike 0-1: Ball 1-1: Ball 2-1: Foul Ball, location: 2F 2-2: Foul Ball, location: 2F 2-2: Ball 3-2: Foul Ball, location: 2F 3-2: Foul Ball, location: 2F 3-2: Foul Ball, location: 2F 3-2: Fly out, F8 (Flyball, 8LS)
|
Batting: RHB Sidney Gilbert
|
0-0: Ball 1-0: Ground out 6-3 (Groundball, 6)
|
Batting: RHB Jack Gillespie
|
0-0: Ground out 5-3 (Groundball, 5)
|
Bottom of the 7th over - 1 run, 1 hit, 0 errors, 0 left on base; Gilbert 7 - Plymouth 9 |
TOP OF THE 8TH |
Gilbert Fire Fighters batting - Pitching for Plymouth Cocks : LHP Tom Dyal
|
Batting: LHB Kyle Robbins
|
0-0: Called Strike 0-1: Called Strike 0-2: Ball 1-2: Ball 2-2: Ball 3-2: Base on Balls
|
Batting: LHB Bill Handy
|
0-0: Ball 1-0: Foul Ball, location: 2F 1-1: Called Strike 1-2: Foul Ball, location: 2F 1-2: Fly out, F5 (Popup, 25)
|
Batting: RHB Raúl Ottoboni
|
0-0: SINGLE (Groundball, 6MD) Kyle Robbins to second Runner from 2nd tries for 3rd, SAFE, no throw
|
Pitching: RHP John Lowe
|
|
Batting: RHB Bill Salinas
|
0-0: Ball 1-0: Foul Ball, location: 2F 1-1: Called Strike 1-2: Strikes out swinging
|
Batting: RHB Travis Mchugh
|
0-0: Ball 1-0: Called Strike 1-1: Ball 2-1: SINGLE (Line Drive, 3L) Kyle Robbins scores Raúl Ottoboni to second Runner from 2nd tries for 3rd, SAFE, throw made to third
|
Batting: RHB Pedro Vásquez
|
0-0: Ball 1-0: Swinging Strike 1-1: Hit by Pitch Travis Mchugh to second
|
Pinch Hitting: RHB Ronald Hodge
|
0-0: Ball 1-0: Ground out 6-3 (Groundball, 6MD)
|
Top of the 8th over - 1 run, 2 hits, 0 errors, 3 left on base; Gilbert 8 - Plymouth 9 |
BOTTOM OF THE 8TH |
Plymouth Cocks batting - Pitching for Gilbert Fire Fighters : RHP Vincent Rangel
|
Now at SS: Ronald Hodge
|
|
Batting: RHB Bob Sánchez
|
0-0: Called Strike 0-1: Fly out, F7 (Flyball, 78XD)
|
Batting: LHB Armando Vázquez
|
0-0: SINGLE (Line Drive, 4D)
|
Batting: RHB Francisco Gonzáles
|
0-0: Ball 1-0: Ball 2-0: Ball 3-0: Base on Balls Armando Vázquez to second
|
Batting: RHB Raúl Rivera
|
0-0: Called Strike 0-1: Swinging Strike 0-2: Strikes out swinging
|
Pinch Hitting: SHB Juan Morales
|
0-0: Ground out 4-3 (Groundball, 4S)
|
Bottom of the 8th over - 0 runs, 1 hit, 0 errors, 2 left on base; Gilbert 8 - Plymouth 9 |
TOP OF THE 9TH |
Gilbert Fire Fighters batting - Pitching for Plymouth Cocks : RHP John Lowe
|
Now in RF: Juan Morales
|
|
Batting: RHB Pedro Silva
|
0-0: Ball 1-0: Ball 2-0: SINGLE (Groundball, 34D)
|
Batting: RHB Carlos Canales
|
0-0: Ball 1-0: Ball 2-0: Ball 3-0: Base on Balls Pedro Silva to second
|
Batting: LHB Kyle Robbins
|
0-0: Ball 1-0: Foul Ball, location: 2F 1-1: Ball 2-1: Foul Ball, location: 2F 2-2: Ball 3-2: Strikes out swinging
|
Batting: LHB Bill Handy
|
0-0: Ball 1-0: Ball 2-0: Called Strike 2-1: Swinging Strike 2-2: Fielders Choice at 2nd, 1-6 (Groundball, P) Pedro Silva to third
|
Batting: RHB Raúl Ottoboni
|
0-0: Called Strike 0-1: Ball 1-1: Ball 2-1: Called Strike 2-2: Foul Ball, location: 2F 2-2: Strikes out looking
|
Top of the 9th over - 0 runs, 1 hit, 0 errors, 2 left on base; Gilbert 8 - Plymouth 9 |
|